 Dungeon Crawl Stone Soup version 0.30-a0-1114-gd936c97349 (webtiles) character file.

Game seed: 2701545768843977381

2428437 Twinkles the Hawkeye (level 27, 226/226 HPs)
             Began as a Gnoll Summoner on Apr 14, 2023.
             Was the Champion of Kikubaaqudgha.
             Escaped with the Orb
             ... and 5 runes on Apr 20, 2023!
             The game lasted 14:05:53 (107152 turns).

Twinkles the Hawkeye (Gnoll Summoner)             Turns: 107152, Time: 14:05:54

Health: 226/226    AC: 44    Str: 18    XL:     27
Magic:  47/50      EV: 23    Int: 16    God:    Kikubaaqudgha [******]
Gold:   5545       SH:  0    Dex: 20    Spells: 2/72 levels left

rFire   + + .      SeeInvis +    a - +5 glaive of the Guard {elec, spectral, AC+5}
rCold   . . .      Faith    .    (shield currently unavailable)
rNeg    . . .      Spirit   .    i - +8 fire dragon scales
rPois   +          Reflect  .    r - +2 helmet {SInv}
rElec   +          Rampage  +    q - scarf {repulsion}
rCorr   +                        Z - +2 pair of gloves {hurl}
Will    +++..                    g - +2 pair of boots {rampage}
Stlth   ++                       u - amulet "Oqaavoaf" {Regen+ rCorr}
HPRegen 1.37/turn                W - ring of Geadoucewk {Contam rC+ Will+ AC+4 Slay+2}
MPRegen 0.32/turn                L - ring of the Solstice {rElec rPois Dex+5 SInv}

@: studying 2 skills, repel missiles
A: fangs 1, strong nose, distributed training, claws 1, talons 1, devolution 1
0: Orb of Zot
}: 5/15 runes: decaying, slimy, silver, abyssal, gossamer
a: Renounce Religion, Unearth Wretches, Torment, Brand Weapon With Pain, Receive
Forbidden Knowledge


You escaped.
You worshipped Kikubaaqudgha.
Kikubaaqudgha was exalted by your worship.
You visited 11 branches of the dungeon, and saw 55 of its levels.
You visited the Abyss 1 time.
You also visited: Bailey and Ice Cave.

You collected 8983 gold pieces.
You spent 3438 gold pieces at shops.

Inventory:

Hand Weapons
 a - the +5 glaive of the Guard (weapon) {elec, spectral, AC+5}
   (You found it on level 3 of the Vaults)

   AC:        It affects your AC (+5).
 b - the +11 lajatang of Calculation {freeze, rCorr Stlth+}
   (You found it on level 5 of the Vaults)

   rCorr:     It protects you from acid and corrosion.
   Stlth:     It makes you more stealthy.
Missiles
 c - 4 silver javelins
 j - 16 atropa-tipped darts
 n - 11 curare-tipped darts
 o - 2 throwing nets
 t - 10 javelins (quivered)
Armour
 g - a +2 pair of boots of rampaging (worn)
 h - the +4 dragonskin cloak
   (You took it off Tiamat on level 3 of the Realm of Zot)

   Avatar's Aegis: It grants the wearer a chance to resist fire, cold, poison,
   electricity, acid, and negative energy.
 i - +8 fire dragon scales (worn)
 q - a scarf of repulsion (worn)
 r - a +2 helmet of see invisible (worn)
 Z - a +2 pair of gloves of hurling (worn)
Jewellery
 f - a ring of wizardry
 k - a ring of flight
 u - the amulet "Oqaavoaf" (around neck) {Regen+ rCorr}
   (You took it off a deep elf high priest on level 3 of the Elven Halls)

   [amulet of regeneration]

   Regen:     It increases your rate of health regeneration.
   rCorr:     It protects you from acid and corrosion.
 v - the ring of the Scarab {rElec rC+ Str+6 Dex-2}
   (You acquired it on level 12 of the Dungeon)

   [ring of strength]

   Str:       It affects your strength (+6).
   Dex:       It affects your dexterity (-2).
   rC:        It protects you from cold.
   rElec:     It insulates you from electricity.
 L - the ring of the Solstice (right hand) {rElec rPois Dex+5 SInv}
   (You took it off a deep elf annihilator on level 3 of the Elven Halls)

   [ring of see invisible]

   Dex:       It affects your dexterity (+5).
   rElec:     It insulates you from electricity.
   rPois:     It protects you from poison.
   SInv:      It lets you see invisible.
 S - a ring of protection from fire
 W - the ring of Geadoucewk (left hand) {Contam rC+ Will+ AC+4 Slay+2}
   (You took it off a deep elf annihilator on level 3 of the Elven Halls)

   [ring of protection]

   AC:        It affects your AC (+4).
   Slay:      It affects your accuracy & damage with ranged weapons and melee
   (+2).
   rC:        It protects you from cold.
   Contam:    It causes magical contamination when unequipped.
   Will:      It increases your willpower.
Wands
 d - a wand of digging (11)
 e - a wand of quicksilver (82)
 l - a wand of roots (68)
 p - a wand of paralysis (54)
 y - a wand of mindburst (80)
Scrolls
 x - 2 scrolls of butterflies
 D - 10 scrolls of blinking
 E - 12 scrolls of fear
 F - 6 scrolls of fog
 K - 6 scrolls of immolation
 O - 4 scrolls of silence
 V - 11 scrolls of vulnerability
 X - 8 scrolls of magic mapping
 Y - 19 scrolls of teleportation
Potions
 A - 11 potions of attraction
 B - 13 potions of brilliance
 C - 4 potions of cancellation
 G - 14 potions of ambrosia
 H - 2 potions of haste
 I - 4 potions of invisibility
 J - 20 potions of curing
 M - 4 potions of might
 N - 7 potions of heal wounds
 P - 9 potions of lignification
 Q - 7 potions of magic
 R - 4 potions of resistance
 T - 3 potions of berserk rage
Miscellaneous
 m - a phantom mirror
 s - a tin of tremorstones (2/2)
 w - a phial of floods
 z - a box of beasts


   Skills:
 + Level 20.5 Fighting
 + Level 20.5 Short Blades
 + Level 20.5 Long Blades
 + Level 20.5 Axes
 + Level 20.5 Maces & Flails
 + Level 20.5 Polearms
 + Level 20.5 Staves
 + Level 20.5 Ranged Weapons
 + Level 23.9 Throwing
 + Level 20.5 Armour
 + Level 20.9 Dodging
 + Level 20.8 Stealth
 + Level 20.5 Shields
 + Level 20.5 Unarmed Combat
 + Level 23.2 Spellcasting
 + Level 17.5 Conjurations
 + Level 17.5 Hexes
 + Level 18.7 Summonings
 + Level 17.5 Necromancy
 + Level 17.5 Translocations
 + Level 17.5 Transmutations
 + Level 17.5 Fire Magic
 + Level 17.5 Ice Magic
 + Level 17.5 Air Magic
 + Level 17.5 Earth Magic
 + Level 17.5 Poison Magic
 + Level 22.1 Invocations
 + Level 20.5 Evocations


You had 2 spell levels left.
You knew the following spells:

 Your Spells              Type           Power      Damage    Failure   Level
a - Anguish               Hex/Necr       32%        N/A       1%          4
b - Blink                 Tloc           100%       N/A       0%          2
c - Borgnjor's Vile Clut  Necr/Erth      32%        N/A       1%          5
d - Passage of Golubria   Tloc           65%        N/A       1%          4
e - Apportation           Tloc           100%       N/A       0%          1
f - Ignition              Fire           32%        3d10      26%         8
g - Summon Cactus Giant   Summ           34%        N/A       1%          6
h - Haunt                 Necr/Summ      33%        N/A       2%          7
i - Ignite Poison         Fire/Tmut/Pois 65%        N/A       0%          3
l - Summon Lightning Spi  Summ/Air       67%        N/A       1%          4
m - Malign Gateway        Summ/Tloc      33%        N/A       2%          7
o - Olgreb's Toxic Radia  Pois           65%        N/A       1%          4
r - Death Channel         Necr           32%        N/A       1%          6
t - Lesser Beckoning      Tloc           100%       N/A       0%          2
v - Summon Mana Viper     Hex/Summ       67%        N/A       1%          5
w - Passwall              Tmut/Erth      54%        N/A       0%          2

Your spell library contained the following spells:

 Spells                   Type           Power      Damage    Failure   Level
 Beastly Appendage        Tmut           100%       N/A       0%          1
 Freeze                   Ice            100%       1d10      0%          1
 Kiss of Death            Conj/Necr      100%       2d13      0%          1
 Necrotise                Necr           100%       1d9       0%          1
 Sandblast                Erth           100%       2d20      0%          1
 Shock                    Conj/Air       100%       1d9       0%          1
 Sting                    Tmut/Pois      100%       1d8       0%          1
 Summon Small Mammal      Summ           100%       N/A       0%          1
 Call Imp                 Summ           100%       N/A       0%          2
 Ensorcelled Hibernation  Hex/Ice        100%       N/A       0%          2
 Poisonous Vapours        Pois/Air       100%       N/A       0%          2
 Static Discharge         Conj/Air       100%       2-7/arc   0%          2
 Sublimation of Blood     Necr           65%        N/A       0%          2
 Wereblood                Tmut           65%        N/A       0%          2
 Call Canine Familiar     Summ           68%        N/A       0%          3
 Frozen Ramparts          Ice            100%       1d16      0%          3
 Gell's Gravitas          Tloc           65%        N/A       0%          3
 Hailstorm                Conj/Ice       65%        3d14      0%          3
 Inner Flame              Hex/Fire       65%        N/A       0%          3
 Mephitic Cloud           Conj/Pois/Air  65%        N/A       0%          3
 Ozocubu's Armour         Ice            65%        N/A       0%          3
 Portal Projectile        Hex/Tloc       100%       N/A       0%          3
 Spider Form              Tmut/Pois      65%        N/A       0%          3
 Stone Arrow              Conj/Erth      100%       3d13      0%          3
 Summon Guardian Golem    Hex/Summ       67%        N/A       0%          3
 Swiftness                Air            65%        N/A       0%          3
 Teleport Other           Tloc           65%        N/A       0%          3
 Tukima's Dance           Hex            65%        N/A       0%          3
 Vampiric Draining        Necr           65%        2d10      0%          3
 Vhi's Electric Charge    Tloc/Air       100%       N/A       0%          3
 Volatile Blastmotes      Fire/Tloc      100%       2d18      0%          3
 Airstrike                Air            32%        2d(5-21)  1%          4
 Animate Armour           Summ/Erth      100%       N/A       1%          4
 Animate Dead             Necr           65%        N/A       1%          4
 Cause Fear               Hex            32%        N/A       1%          4
 Dispel Undead            Necr           65%        3d22      1%          4
 Fulminant Prism          Conj/Hex       32%        3d16      1%          4
 Ice Form                 Ice/Tmut       65%        N/A       1%          4
 Iskenderun's Mystic Bla  Conj/Tloc      65%        2d13      1%          4
 Manifold Assault         Tloc           65%        N/A       1%          4
 Petrify                  Tmut/Erth      65%        N/A       1%          4
 Sticky Flame             Conj/Fire      65%        2d8       1%          4
 Agony                    Necr           65%        N/A       1%          5
 Alistair's Intoxication  Tmut/Pois      43%        N/A       1%          5
 Arcjolt                  Conj/Air       32%        1d42      1%          5
 Blade Hands              Tmut           32%        N/A       1%          5
 Fireball                 Conj/Fire      32%        3d14      1%          5
 Freezing Cloud           Conj/Ice/Air   32%        6-21      1%          5
 Irradiate                Conj/Tmut      32%        3d22      1%          5
 Iskenderun's Battlesphe  Conj           65%        2d11      1%          5
 Lee's Rapid Deconstruct  Erth           32%        3d17*     1%          5
 Silence                  Hex/Air        32%        N/A       1%          5
 Summon Forest            Summ/Tloc      33%        N/A       1%          5
 Yara's Violent Unravell  Hex/Tmut       32%        3d13      1%          5
 Conjure Ball Lightning   Conj/Air       32%        3x3d10    1%          6
 Dispersal                Tloc           32%        N/A       1%          6
 Eringya's Noxious Bog    Tmut/Pois      32%        N/A       1%          6
 Iron Shot                Conj/Erth      32%        9d7       1%          6
 Plasma Beam              Fire/Air       32%        2x1d50    1%          6
 Simulacrum               Ice/Necr       32%        N/A       1%          6
 Statue Form              Tmut/Erth      43%        N/A       1%          6
 Summon Hydra             Summ           34%        N/A       1%          7
 Spellforged Servitor     Conj/Summ      33%        N/A       2%          7
 Dragon Form              Tmut           32%        N/A       3%          7
 Enfeeble                 Hex            32%        N/A       3%          7
 Orb of Destruction       Conj           32%        9d10      3%          7
 Ozocubu's Refrigeration  Ice            32%        4d14      3%          7
 Storm Form               Tmut/Air       32%        N/A       3%          7
 Summon Horrible Things   Summ           34%        N/A       16%         8
 Discord                  Hex            32%        N/A       26%         8
 Disjunction              Tloc           32%        N/A       26%         8
 Lehudib's Crystal Spear  Conj/Erth      32%        10d8      26%         8
 Maxwell's Capacitive Co  Air            32%        ∞         26%         8
 Polar Vortex             Ice            32%        N/A       98%         9


Dungeon Overview and Level Annotations

Branches:
Dungeon (15/15)            Temple (0/1) D:7            Lair (5/5) D:9
  Swamp (4/4) Lair:2       Spider (4/4) Lair:2        Slime (5/5) Lair:5
    Orc (2/2) D:11            Elf (3/3) Orc:2        Vaults (5/5) D:13
  Crypt (3/3) Vaults:2       Tomb (0/3) Crypt:3      Depths (4/4) D:15
    Zot (5/5) Depths:4     Bailey (visited)           IceCv (visited)

Altars:
Ashenzari
Elyvilon
Gozag
Kikubaaqudgha
Nemelex Xobeh
Qazlal
Ru
Sif Muna
Trog
Uskayaw
Vehumet
Wu Jian
Xom
Yredelemnul
Zin
The Shining One
Jiyva
Lugonu

Shops:
D:1 (   D:3 =   D:7 *   D:10 *   D:12 (   Orc:1 [***   Orc:2 :(*:[   Elf:1 :
Vaults:1 (   Vaults:2 *   Depths:1 *

Portals:
Hell: Depths:1 Depths:2 Depths:3 Depths:4
Abyss: Depths:2 Depths:4
Pandemonium: Depths:2 Depths:3
Ziggurat: Depths:1

Annotations:
Lair:5 2 transporters, NateTC's ghost, journeyman MiBe
Crypt:2 3 runed translucent doors, Dugafar's ghost, adept GrFi
Depths:3 exclusion: door
Zot:2 8 runed translucent doors


Innate Abilities, Weirdness & Mutations

You have very sharp teeth.
Your uncanny sense of smell can sniff out nearby items.
Your experience applies equally to all skills.
You have sharp fingernails.
You have sharp toenails.
You have hidden genetic defects.


Message History

Your +5 glaive of the Guard {elec, spectral, AC+5} is engulfed in seething chaos.
Your +5 glaive of the Guard {elec, spectral, AC+5} disappears.
You see here 3 stones.
There is a staircase leading out of the dungeon here.
Really quaff the potion of mutation?
You feel extremely strange.
You feel clumsy.
You feel more energetic.
You feel stupid.
You feel a little pissed off.
Unknown command.
Really quaff the potion of mutation?
You feel extremely strange.
You feel clever.
You feel stronger.
You feel a little more calm.
Your feet thicken and deform.
You feel robust.
Your connection to magic feels subdued.
Unknown command.
Unknown command.
Really quaff the potion of mutation?
You feel extremely strange.
Your hooves expand and flesh out into feet!
You feel frail.
Your bones become slightly less dense.
Unknown command.
Really quaff the potion of mutation?
You feel extremely strange.
Your skeletal structure returns to normal.
Your magic regains its normal vibrancy.
You feel your magical essence link to the dungeon's wands.
Your magical essence no longer links to wands of the dungeon.
Unknown command.
Really quaff the potion of mutation?
You feel extremely strange.
You feel healthier.
Your feet thicken and deform.
Unknown command.
Really quaff the potion of mutation?
You feel extremely strange.
Your hooves expand and flesh out into feet!
Your toenails lengthen and sharpen.
You feel a hidden malignance growing inside you.
Your fingernails lengthen.
Unknown command.
You have escaped!

.#
#.#.#.#########...............
.#
#.................####.######.
.# #############.############ #.
[##♣♣.......................♣ ##
...♣♣.[8..8...........8..8..♣
###♣♣...÷...................♣
♣♣...÷.......2...........♣♣
♣...8..8...........8..8...♣
##♣♣............@............♣
..♣♣...8..8...........8..8...♣
##♣♣♣...÷...................♣♣
♣...÷...................♣
♣..8..8...........8..8..♣
♣.......................♣
###############.############
#.#.........# #.#.##########
#.#....####.###.......(....#####


You could see a shadow demon.

Vanquished Creatures
  the Royal Jelly (Slime:5)
  3 dread liches (Zot:5)
  Tiamat (Zot:3)
  3 orbs of fire (Zot:5)
  7 ancient liches
  Vv (Depths:2)
  Josephina (Depths:2)
  Bai Suzhen (Swamp:3)
  10 Killer Klowns
  Margery (Crypt:1)
  Frederick (Crypt:1)
  3 curse toes
  Saint Roka (Crypt:1)
  4 golden dragons
  A pearl dragon (Abyss:3)
  4 bone dragons
  Arachne (Spider:4)
  4 electric golems
  Zenata (Vaults:4)
  19 tentacled monstrosities
  Mlioglotl (Spider:2)
  22 Orb Guardians
  6 liches
  7 quicksilver dragons
  3 titans
  A deep elf blademaster (Elf:3)
  17 acid blobs
  An Executioner (Abyss:3)
  A sphinx (Vaults:5)
  2 deep elf master archers (Elf:3)
  A thorn hunter (Swamp:2)
  6 ancient champions
  14 storm dragons
  7 death cobs
  6 tentacled starspawn
  9 shadow dragons
  3 revenants
  6 draconian monks
  7 rockslimes
  13 azure jellies
  7 fire giants
  An iron dragon (Vaults:5)
  3 draconian scorchers
  7 frost giants
  3 emperor scorpions (Spider:4)
  4 draconian knights
  5 deep elf sorcerers
  6 spectral caustic shrikes (Depths:3)
  2 curse skulls (Crypt:3)
  17 vault wardens
  A cacodemon (D:3)
  3 draconian stormcallers
  4 draconian shifters
  3 ghost moths
  4 deep elf elementalists
  4 broodmothers
  5 quicksilver oozes
  4 ghouls
  26 very ugly things
  A spriggan defender (Depths:3)
  3 draconian annihilators
  2 reapers
  16 ironbound preservers
  4 deep elf demonologists
  7 green draconians
  5 war gargoyles
  8 vampire knights
  14 stone giants
  2 ironbound thunderhulks
  2 eleionomae
  10 black draconians
  10 white draconians
  10 deep elf annihilators
  6 yellow draconians
  6 spark wasps
  8 purple draconians
  8 dire elephants
  3 bunyips
  10 red draconians
  16 starcursed masses (Abyss:3)
  4 blizzard demons
  2 crystal guardians (Depths:3)
  7 eidola
  13 ettins
  9 deep elf high priests
  5 fire dragons
  A shambling mangrove (Swamp:3)
  10 deep elf death magi
  14 yaktaur captains
  2 entropy weavers
  8 ice dragons
  12 jiangshi
  A quicksilver dragon zombie (Crypt:3)
  4 rakshasas
  8 great orbs of eyes
  A hydra (shapeshifter) (Vaults:5)
  36 vault guards
  2 ghost crabs
  5 ogre magi
  A peacekeeper (Vaults:1)
  7 hydras
  Erica (D:8)
  5 ironbound frosthearts
  4 centaur warriors (Vaults:3)
  A jorogumo (Spider:4)
  7 spriggan air magi
  3 alligators
  A satyr (shapeshifter) (Vaults:5)
  4 catoblepae
  4 boulder beetles
  11 deep troll earth magi
  A fenstrider witch skeleton (Crypt:3)
  3 radroaches
  4 deep troll shamans
  6 two-headed ogres
  6 death yaks
  21 dancing weapons
  12 thrashing horrors
  3 tengu warriors
  10 vampire magi
  3 spriggan berserkers
  10 hell knights
  An orc high priest (Elf:1)
  4 wretched stars
  5 soul eaters
  5 sun demons
  12 deep elf knights
  A skyshark (Lair:2)
  Sonja (Lair:4)
  2 iron trolls (Depths:3)
  30 skeletal warriors
  A death drake (Abyss:3)
  A storm dragon zombie (D:15)
  A pharaoh ant (Spider:4)
  A quicksilver dragon simulacrum (Crypt:1)
  2 shadow wraiths
  A goliath frog (Swamp:2)
  38 deep trolls
  3 sun moths
  A sea snake (shapeshifter) (Depths:3)
  A spriggan druid (Swamp:1)
  5 sixfirhies
  7 flayed ghosts
  2 shadow demons
  8 orb spiders
  5 glowing orange brains
  A deep troll (shapeshifter) (Vaults:3)
  4 wizards
  7 swamp dragons
  10 deep elf archers
  An obsidian statue (Zot:5)
  A spriggan simulacrum (Depths:2)
  An iron giant skeleton (Crypt:2)
  7 lindwurms
  11 ironbound convokers
  An anaconda skeleton (Crypt:3)
  4 bog bodies
  An iron dragon zombie (Crypt:1)
  26 wolf spiders
  An orange crystal statue (IceCv)
  8 phantasmal warriors
  3 steelbarb worms
  A mana viper (shapeshifter) (Depths:2)
  29 deep elf pyromancers
  5 necromancers
  24 ugly things
  5 orc knights
  3 harpies
  A fire giant zombie (Crypt:3)
  26 deep elf zephyrmancers
  A frost giant zombie (D:15)
  3 orc sorcerers
  5 cyclopes
  7 worldbinders (Abyss:3)
  A rust devil (Depths:2)
  2 will-o-the-wisps
  28 moths of wrath
  An iron dragon skeleton (Depths:1)
  2 apocalypse crabs (Abyss:3)
  19 elephants
  A guardian serpent (shapeshifter) (Vaults:5)
  Maurice (D:8)
  2 manticores
  13 vault sentinels
  An ice statue (Spider:2)
  4 black mambas
  4 orange demons
  13 smoke demons
  A stone giant skeleton (D:15)
  30 slime creatures
  2 centaur zombies
  8 torpor snails
  A naga zombie (Abyss:3)
  3 demonic crawlers
  2 gargoyles
  A centaur skeleton (Crypt:1)
  2 molten gargoyles (Lair:3)
  4 cane toads
  Joseph (D:7)
  A pale draconian zombie (Crypt:1)
  7 unseen horrors (Elf:1)
  A yaktaur (shapeshifter) (Vaults:3)
  11 rime drakes
  3 efreet
  A kobold demonologist (Abyss:3)
  A tormentor (Depths:2)
  2 komodo dragons
  A minotaur zombie (Crypt:2)
  A spriggan zombie (Depths:1)
  A tengu conjurer (Depths:2)
  5 freezing wraiths
  An iron troll zombie (Crypt:1)
  3 guardian mummies (Zot:2)
  26 yaktaurs
  2 red devils (Depths:2)
  A tengu simulacrum (Depths:2)
  An unseen horror skeleton (Crypt:3)
  A queen bee (Spider:3)
  5 trolls
  6 ancient zymes
  A harpy zombie (Crypt:1)
  3 meliai
  11 polar bears
  2 hellwings
  15 hornets
  3 tyrant leeches
  A hornet (shapeshifter) (Elf:3)
  A raiju (shapeshifter) (Vaults:4)
  5 blink frogs
  22 tarantellas
  A harpy skeleton (Crypt:1)
  A blink frog (shapeshifter) (Elf:2)
  Grinder (D:6)
  40 jumping spiders
  5 raiju
  A frost giant simulacrum (Depths:2)
  A stone giant simulacrum (Depths:2)
  A jumping spider (shapeshifter) (Vaults:5)
  9 flying skulls
  22 yaks
  2 shadows
  A black mamba zombie (Crypt:1)
  4 air elementals
  2 centaur simulacra
  4 ynoxinuls
  6 spriggans
  22 culicivoras
  A human simulacrum (Crypt:1)
  A wyvern (shapeshifter) (D:13)
  2 wyverns
  5 water elementals
  3 vampires
  11 nameless horrors
  19 large abominations
  A yak (shapeshifter) (Abyss:4)
  5 wraiths
  A hog (shapeshifter) (D:15)
  7 vampire mosquitoes
  A black mamba skeleton (Crypt:3)
  A fire bat (Abyss:3)
  A basilisk (Lair:1)
  3 chaos spawn
  2 neqoxecs
  81 redbacks
  A fire bat zombie (Crypt:3)
  6 swamp worms
  An entropy weaver zombie (Crypt:2)
  5 wargs
  A demonspawn skeleton (Crypt:2)
  A hell hound (Abyss:3)
  18 small abominations
  10 water moccasins
  A human skeleton (D:15)
  A two-headed ogre skeleton (Crypt:3)
  2 swamp drakes (Swamp:4)
  A floating eye (Slime:4)
  A sky beast (D:7)
  3 black bears
  A fire dragon simulacrum (Crypt:1)
  A faun skeleton (Crypt:1)
  2 ice beasts
  17 wolves
  9 orc warriors
  3 boggarts (D:15)
  9 ogres
  2 centaurs
  A blink frog skeleton (Crypt:1)
  An elephant skeleton (Crypt:2)
  2 phantoms (D:5)
  A lindwurm skeleton (Crypt:1)
  5 kobold brigands
  7 bullfrogs
  2 necrophages (Crypt:2)
  4 scorpions
  2 earth elementals
  5 wights
  33 killer bees
  5 vampire bats (Bailey)
  2 troll zombies
  3 howler monkeys
  2 wolf zombies (Bailey)
  3 electric eels
  A human zombie (Crypt:1)
  2 lava snakes (Lair:3)
  2 hounds
  A jelly (D:5)
  Crazy Yiuf (D:2)
  A quasit (Abyss:3)
  A gnoll bouda (D:8)
  An iron imp (Abyss:1)
  8 orc priests
  An iguana (D:5)
  A sleepcap (D:6)
  10 orc wizards
  A naga skeleton (Crypt:3)
  A gnoll (D:8)
  5 adders
  A steam dragon skeleton (Crypt:1)
  4 white imps (Abyss:3)
  An ufetubus (Abyss:3)
  An adder zombie (Crypt:2)
  2 worms
  A dart slug (D:3)
  37 orcs
  5 bats
  6 endoplasms
  4 giant cockroaches
  9 goblins
  3 hobgoblins
  11 kobolds
  2 quokkas
  7 ball pythons
  A dart slug zombie (Crypt:3)
  A frilled lizard (D:1)
  A kobold skeleton (Crypt:2)
  14 orc zombies
  3 rats
  3 butterflies (Zot:2)
  A fire vortex (Depths:1)
  2 starspawn tentacles
1959 creatures vanquished.

Vanquished Creatures (collateral kills)
  An ancient lich (Vaults:4)
  Mara (Vaults:2)
  4 orbs of fire
  Sojobo (Vaults:2)
  A Killer Klown (Zot:5)
  2 curse toes (Zot:3)
  Nikola (Swamp:3)
  A hellephant (D:2)
  Jorgrun (Orc:2)
  6 tentacled monstrosities
  Rupert (D:14)
  A lich (Depths:2)
  A quicksilver dragon (Zot:3)
  8 Orb Guardians (Zot:5)
  3 acid blobs (Slime:5)
  2 ancient champions
  2 tentacled starspawn
  2 sphinxes
  A shadow dragon (Zot:5)
  A thorn hunter (Swamp:4)
  4 storm dragons
  3 tengu reavers
  4 draconian monks
  3 rockslimes
  An azure jelly (Slime:5)
  4 fire giants
  Donald (Swamp:1)
  A draconian knight (Zot:1)
  A fenstrider witch (Swamp:1)
  2 frost giants
  4 vault wardens
  2 deep elf sorcerers
  3 ghost moths
  An emperor scorpion (Spider:2)
  3 draconian scorchers
  2 draconian shifters (Zot:3)
  A deep elf elementalist (Elf:3)
  2 iron dragons
  A cacodemon (Abyss:3)
  8 very ugly things
  5 draconian annihilators
  An orc warlord (Vaults:2)
  2 quicksilver oozes (Slime:5)
  5 ironbound preservers
  2 ironbound thunderhulks
  2 stone giants (Depths:4)
  3 green draconians
  4 eleionomae
  A vampire knight (Crypt:2)
  3 deep elf annihilators (Elf:3)
  3 black draconians
  2 dire elephants (Vaults:1)
  4 white draconians
  2 yellow draconians (Zot:3)
  4 red draconians
  2 bunyips
  4 purple draconians
  2 spark wasps (Depths:4)
  An eidolon (Crypt:3)
  2 deep elf death magi
  3 jiangshi
  2 merfolk impalers
  2 fire dragons
  2 deep elf high priests (Elf:3)
  4 great orbs of eyes
  2 shambling mangroves (Swamp:4)
  An ettin (Orc:1)
  A rakshasa (Depths:2)
  3 entropy weavers
  Fannar (D:11)
  Erolcha (D:10)
  9 hydras
  2 ogre magi
  2 ice dragons
  A ghost crab (Swamp:4)
  6 ironbound frosthearts
  3 spriggan air magi
  15 vault guards
  11 two-headed ogres
  A radroach (Spider:1)
  9 dancing weapons
  4 centaur warriors (D:13)
  7 alligators
  7 death yaks
  A deep troll shaman (Depths:4)
  A death knight (Crypt:1)
  3 tengu warriors (D:13)
  An orc high priest (Orc:1)
  Urug (D:10)
  8 hell knights
  2 soul eaters
  3 thrashing horrors (Abyss:3)
  2 deep elf knights
  A sixfirhy (D:3)
  An iron troll (Depths:4)
  A skyshark (Lair:5)
  14 deep trolls
  A flayed ghost (Crypt:3)
  3 goliath frogs
  2 pharaoh ants
  7 skeletal warriors
  A glowing orange brain (Depths:1)
  4 steelbarb worms
  2 spriggan druids
  2 orb spiders
  An orange crystal statue (Zot:5)
  2 deep elf archers
  4 swamp dragons
  5 bog bodies
  A lindwurm (Swamp:3)
  2 harpies (D:13)
  5 wizards
  2 phantasmal warriors
  5 ironbound convokers
  8 deep elf pyromancers
  2 orc knights (Vaults:2)
  2 necromancers
  14 ugly things
  An orc sorcerer (Orc:1)
  A wolf spider (Spider:4)
  7 deep elf zephyrmancers
  5 cyclopes
  A shining eye (shapeshifter) (Vaults:5)
  12 elephants
  2 shining eyes (Slime:5)
  4 will-o-the-wisps
  8 moths of wrath
  An ice statue (Spider:2)
  A rust devil (Depths:2)
  10 demonic crawlers
  9 vault sentinels
  2 black mambas (Lair:2)
  3 smoke demons
  An orange demon (Abyss:3)
  2 gargoyles (Depths:3)
  4 cane toads
  A spriggan zombie (Depths:1)
  A dire elephant skeleton (Crypt:1)
  4 komodo dragons
  4 rime drakes (IceCv)
  3 tengu conjurers
  2 efreet (D:15)
  10 yaktaurs
  A freezing wraith (D:14)
  A tormentor (Abyss:3)
  The ghost of Dittersdorf the Covered, a novice GrFi (D:5)
  An ancient zyme (Abyss:3)
  2 guardian mummies (Zot:2)
  A red devil (D:2)
  8 polar bears
  A queen bee (shapeshifter) (D:15)
  10 hornets
  6 trolls
  6 tyrant leeches
  A harpy skeleton (Crypt:1)
  2 tarantellas
  A raiju (Abyss:3)
  5 large abominations (Abyss:3)
  Prince Ribbit (Lair:1)
  13 blink frogs
  30 slime creatures
  2 culicivoras
  2 jumping spiders
  A ynoxinul (Abyss:3)
  2 water elementals
  11 spriggans
  11 yaks
  2 wyverns
  A fire elemental (Elf:2)
  2 wraiths
  A neqoxec (Abyss:3)
  7 humans (D:13)
  2 vampire mosquitoes
  A vampire (D:10)
  A chaos spawn (Abyss:3)
  10 redbacks
  A warg (Orc:2)
  7 water moccasins
  5 swamp worms
  5 nameless horrors
  12 orc warriors
  2 swamp drakes (Swamp:4)
  2 black bears
  A sky beast (D:7)
  14 ogres
  14 wolves
  5 centaurs
  2 phantoms
  3 bullfrogs
  2 earth elementals
  7 wights
  5 killer bees
  3 vampire bats (Bailey)
  4 wolf zombies (Bailey)
  2 howler monkeys (D:11)
  3 lava snakes (Lair:3)
  2 hounds
  2 jellies
  6 orc priests
  A gnoll bouda (Lair:2)
  5 starcursed masses (Abyss:3)
  Terence (D:3)
  A sleepcap (D:5)
  12 orc wizards
  5 adders
  2 gnolls (D:8)
  A shadow imp (Abyss:3)
  A white imp (Abyss:2)
  An ufetubus (Abyss:3)
  A dart slug (D:4)
  32 orcs
  A ball python (D:3)
  2 bats
  2 endoplasms
  2 giant cockroaches
  A quokka (D:2)
  A frilled lizard (D:2)
  5 goblins
  8 kobolds
  6 orc zombies (Bailey)
  A rat (D:3)
  3 briar patches (Swamp:4)
  A lurking horror (Abyss:3)
810 creatures vanquished.

Vanquished Creatures (others)
  16 eldritch tentacles
  A storm dragon (Zot:2)
  A shadow dragon (Zot:2)
  2 draconian knights
  A vault warden (Vaults:2)
  2 ironbound preservers
  A red draconian (Zot:2)
  An ironbound frostheart (Vaults:3)
  2 deep elf knights
  5 orb spiders
  A deep elf archer (Elf:1)
  An ironbound convoker (Vaults:2)
  2 wizards
  2 tengu zombies (Vaults:2)
  3 deep elf pyromancers (Elf:1)
  A wolf spider (Spider:4)
  A deep elf zephyrmancer (Elf:1)
  A broodmother zombie (Spider:3)
  3 moths of wrath (Zot:2)
  A centaur zombie (Vaults:3)
  11 human zombies
  2 yaktaurs
  2 bloated husks
  A polar bear (IceCv)
  2 tarantellas
  A hornet (Spider:4)
  A tyrant leech (Swamp:3)
  A boulder beetle zombie (Spider:3)
  A slime creature (Vaults:2)
  A culicivora (Spider:3)
  A human (D:13)
  A slime creature zombie (Slime:5)
  A yak (Lair:2)
  A redback (Spider:3)
  3 elephant zombies (Lair:2)
  A swamp drake (Swamp:4)
  18 elf zombies (Elf:1)
  2 yaktaur zombies (Vaults:1)
  A spriggan zombie (Lair:2)
  A yak zombie (Lair:2)
  A killer bee (Spider:4)
  A briar patch (Swamp:4)
  A bush (Lair:4)
  34 foxfires
  93 fungi
  A lurking horror (Abyss:3)
  122 plants
  28 snaplasher vines
  72 spectral weapons
  11 starspawn tentacles
  11 withered plants (D:15)
476 creatures vanquished.

Grand Total: 3245 creatures vanquished

Notes
Turn   | Place    | Note
-------+----------+-------------------------------------------
     0 | D:1      | Twinkles the Gnoll Summoner began the quest for the Orb.
     0 | D:1      | Reached XP level 1. HP: 13/13 MP: 6/6
   250 | D:1      | Found Nuilunaomm's Antique Weapon Shop.
   278 | D:1      | Reached XP level 2. HP: 19/19 MP: 7/7
   429 | D:1      | Learned a level 2 spell: Call Imp
  1192 | D:2      | Reached skill level 5 in Spellcasting
  1192 | D:2      | Reached XP level 3. HP: 25/25 MP: 5/9
  1502 | D:2      | Found a runed translucent door.
  1503 | D:2      | Noticed Crazy Yiuf
  1601 | D:3      | Reached skill level 1 in Invocations
  1687 | D:3      | Found Mem Xae's Jewellery Emporium.
  1707 | D:3      | Reached skill level 1 in Fighting
  1707 | D:3      | Reached skill level 1 in Short Blades
  1707 | D:3      | Reached skill level 1 in Long Blades
  1707 | D:3      | Reached skill level 1 in Axes
  1707 | D:3      | Reached skill level 1 in Maces & Flails
  1707 | D:3      | Reached skill level 1 in Polearms
  1707 | D:3      | Reached skill level 1 in Staves
  1707 | D:3      | Reached skill level 1 in Ranged Weapons
  1707 | D:3      | Reached skill level 1 in Throwing
  1707 | D:3      | Reached skill level 1 in Armour
  1707 | D:3      | Reached skill level 1 in Shields
  1707 | D:3      | Reached skill level 1 in Unarmed Combat
  1707 | D:3      | Reached skill level 1 in Evocations
  1713 | D:3      | Noticed Terence
  1743 | D:3      | Killed Terence
  1744 | D:3      | Reached XP level 4. HP: 20/32 MP: 6/11
  1805 | D:3      | Reached skill level 1 in Conjurations
  1805 | D:3      | Reached skill level 1 in Hexes
  1805 | D:3      | Reached skill level 1 in Necromancy
  1805 | D:3      | Reached skill level 1 in Translocations
  1805 | D:3      | Reached skill level 1 in Transmutations
  1805 | D:3      | Reached skill level 1 in Fire Magic
  1805 | D:3      | Reached skill level 1 in Ice Magic
  1805 | D:3      | Reached skill level 1 in Air Magic
  1805 | D:3      | Reached skill level 1 in Earth Magic
  1805 | D:3      | Reached skill level 1 in Poison Magic
  1883 | D:3      | Reached XP level 5. HP: 34/37 MP: 9/12
  2077 | D:3      | Found a radiant altar of Vehumet.
  2091 | D:3      | Found an ancient bone altar of Kikubaaqudgha.
  2266 | D:3      | Reached XP level 6. HP: 44/44 MP: 11/14
  2297 | D:3      | Got Kikubaaqudgha's Annotations on Diablerie
  2303 | D:3      | Found a shimmering blue altar of Sif Muna.
  2309 | D:3      | Became a worshipper of Kikubaaqudgha
  2321 | D:3      | Reached skill level 5 in Dodging
  2498 | D:3      | Learned a level 3 spell: Call Canine Familiar
  2502 | D:3      | Found a sacrificial altar of Ru.
  2502 | D:3      | Found an opulent altar of Gozag.
  2679 | D:4      | Noticed a black bear
  2862 | D:4      | Reached XP level 7. HP: 51/51 MP: 15/15
  2985 | D:4      | Found a stormy altar of Qazlal.
  3114 | D:5      | Entered Level 5 of the Dungeon
  3186 | D:5      | Reached skill level 5 in Stealth
  3429 | D:5      | Reached XP level 8. HP: 58/58 MP: 13/16
  3460 | D:5      | Reached * piety under Kikubaaqudgha
  3460 | D:5      | Received a gift from Kikubaaqudgha
  3553 | D:5      | Noticed an angel
  3554 | D:5      | Found a glowing silver altar of Zin.
  3851 | D:5      | Found a runed translucent door.
  3865 | D:5      | Noticed Dittersdorf's ghost (novice GrFi)
  3909 | D:5      | Found a runed translucent door.
  4302 | D:6      | Noticed Grinder
  4513 | D:6      | Reached XP level 9. HP: 65/65 MP: 13/18
  4637 | D:6      | Found a hide-covered altar of Uskayaw.
  4665 | D:6      | Found a sparkling altar of Nemelex Xobeh.
  4799 | D:6      | Killed Grinder
  4876 | D:6      | Learned a level 2 spell: Passwall
  5069 | D:7      | Reached ** piety under Kikubaaqudgha
  5153 | D:7      | Found a staircase to the Ecumenical Temple.
  5155 | D:7      | Noticed Joseph
  5245 | D:7      | Found Yrphuos's Assorted Antiques.
  5286 | D:7      | Bought a scroll labelled PAT PASUESEI for 27 gold pieces
  5286 | D:7      | Bought a black potion for 24 gold pieces
  5286 | D:7      | Bought an inky potion for 24 gold pieces
  5286 | D:7      | Bought 2 scrolls labelled QOONIE NUCORRUIWN for 54 gold
                  | pieces
  5286 | D:7      | Bought a scroll labelled ZAPLAG NYWEUGG for 27 gold pieces
  5447 | D:7      | Reached skill level 5 in Invocations
  5982 | D:8      | Reached skill level 5 in Fighting
  5982 | D:8      | Reached skill level 5 in Short Blades
  5982 | D:8      | Reached skill level 5 in Long Blades
  5982 | D:8      | Reached skill level 5 in Axes
  5982 | D:8      | Reached skill level 5 in Maces & Flails
  5982 | D:8      | Reached skill level 5 in Polearms
  5982 | D:8      | Reached skill level 5 in Staves
  5982 | D:8      | Reached skill level 5 in Ranged Weapons
  5982 | D:8      | Reached skill level 5 in Throwing
  5982 | D:8      | Reached skill level 5 in Armour
  5982 | D:8      | Reached skill level 5 in Shields
  5982 | D:8      | Reached skill level 5 in Unarmed Combat
  5982 | D:8      | Reached skill level 5 in Evocations
  5982 | D:8      | Reached XP level 10. HP: 60/74 MP: 12/20
  6048 | D:8      | Noticed Maurice
  6056 | D:8      | HP: 33/111 [poisoned by a killer bee]
  6061 | D:8      | HP: 25/111 [poisoned by a killer bee]
  6067 | D:8      | HP: 27/111 [something (9)]
  6075 | D:8      | HP: 24/111 [orc warrior/+0 scimitar (2)]
  6080 | D:8      | HP: 12/111 [orc warrior/+0 scimitar (8)]
  6086 | D:8      | HP: 29/111 [wight/+5 spear (8)]
  6093 | D:8      | HP: 28/111 [wight/+5 spear (3)]
  6365 | D:8      | Found a basalt altar of Yredelemnul.
  6365 | D:8      | Noticed Erica
  6472 | D:8      | Reached *** piety under Kikubaaqudgha
  6472 | D:8      | Received a gift from Kikubaaqudgha
  6781 | D:8      | Killed Maurice
  7223 | D:9      | Found a flagged portal.
  7236 | Bailey   | Entered a bailey
  7494 | Bailey   | Reached **** piety under Kikubaaqudgha
  7550 | Bailey   | Identified the +2 robe "Uqealuthei" {+Inv rElec rPois
                  | Str-4}
  7566 | Bailey   | HP: 21/76 [something (8)]
  7599 | Bailey   | HP: 18/76 [vampire/+2 vampiric glaive (7)]
  7600 | Bailey   | HP: 7/76 [vampire/vampiric draining (12)]
  7691 | Bailey   | Noticed a gargoyle
  7792 | Bailey   | Killed a gargoyle
  7881 | Bailey   | Identified the staff of fire "Peklaem" {rF+ rN+++ Will-
                  | Dex+5 SInv}
  8096 | D:9      | Noticed an elephant
  8308 | D:9      | Found an ornate altar of the Wu Jian Council.
  8341 | D:9      | Reached skill level 5 in Conjurations
  8341 | D:9      | Reached skill level 5 in Hexes
  8341 | D:9      | Reached skill level 5 in Necromancy
  8341 | D:9      | Reached skill level 5 in Translocations
  8341 | D:9      | Reached skill level 5 in Transmutations
  8341 | D:9      | Reached skill level 5 in Fire Magic
  8341 | D:9      | Reached skill level 5 in Ice Magic
  8341 | D:9      | Reached skill level 5 in Air Magic
  8341 | D:9      | Reached skill level 5 in Earth Magic
  8341 | D:9      | Reached skill level 5 in Poison Magic
  8341 | D:9      | Reached XP level 11. HP: 47/81 MP: 16/22
  8715 | D:9      | Found a staircase to the Lair.
  8931 | D:10     | Entered Level 10 of the Dungeon
  8935 | D:10     | Noticed Erolcha
  8987 | D:10     | Found Higoeschu's CLEARANCE SALE!.
  9042 | D:10     | Bought a scroll of identify for 10 gold pieces
  9129 | D:10     | Noticed a two-headed ogre
  9150 | D:10     | Killed a two-headed ogre
  9237 | D:10     | HP: 23/83 [killer bee (5)]
  9242 | D:10     | HP: 18/83 [poisoned by a killer bee]
  9514 | D:10     | Learned a level 4 spell: Summon Lightning Spire
  9526 | D:10     | Noticed Urug
  9703 | D:10     | Identified the +2 falchion of the Moon {flame, rC+}
  9838 | D:10     | Learned a level 1 spell: Apportation
 10127 | Lair:1   | Entered Level 1 of the Lair of Beasts
 10474 | Lair:1   | Noticed a catoblepas
 10504 | Lair:1   | Killed a catoblepas
 10618 | Lair:1   | Noticed a death yak
 10619 | Lair:1   | Noticed a death yak
 10619 | Lair:1   | Noticed a death yak
 10622 | Lair:1   | Reached ***** piety under Kikubaaqudgha
 10693 | Lair:1   | Killed a death yak
 10694 | Lair:1   | Reached XP level 12. HP: 83/91 MP: 11/24
 10803 | Lair:1   | Killed a death yak
 10820 | Lair:1   | Killed a death yak
 11356 | Lair:1   | Noticed Prince Ribbit
 11364 | Lair:1   | Killed Prince Ribbit
 11907 | Lair:2   | Found a staircase to the Swamp.
 12015 | Lair:2   | Noticed a catoblepas
 12077 | Lair:2   | Killed a catoblepas
 12269 | Lair:2   | Found a hole to the Spider Nest.
 12468 | Lair:2   | Reached XP level 13. HP: 59/98 MP: 14/26
 12663 | Lair:2   | Reached skill level 10 in Summonings
 12774 | Lair:2   | Learned a level 4 spell: Animate Dead
 12889 | Lair:2   | HP: 29/99 [elephant (1)]
 12896 | Lair:2   | HP: 27/99 [spriggan/+0 short sword (8)]
 13138 | Lair:2   | Noticed a dire elephant
 13161 | Lair:2   | Killed a dire elephant
 13162 | Lair:2   | Reached skill level 10 in Spellcasting
 14234 | Lair:3   | Reached skill level 10 in Dodging
 14900 | Lair:4   | Identified the +6 sling "Yvucauss" {freeze, rC+ rCorr}
 15057 | Lair:4   | Learned a level 2 spell: Blink
 15128 | Lair:4   | Reached skill level 10 in Stealth
 15412 | Lair:4   | Reached XP level 14. HP: 100/108 MP: 25/28
 15500 | Lair:4   | Noticed Sonja
 15501 | Lair:4   | Killed Sonja
 15502 | Lair:4   | Reached skill level 10 in Invocations
 15542 | Lair:4   | HP: 31/108 [death yak (14)]
 16646 | Lair:4   | Learned a level 4 spell: Anguish
 16647 | Lair:5   | Entered Level 5 of the Lair of Beasts
 16650 | Lair:5   | Noticed NateTC's ghost (journeyman MiBe)
 16720 | Lair:5   | Found a transporter.
 16725 | Lair:5   | Found a transporter.
 16726 | Lair:5   | Found a bloodstained altar of Trog.
 16808 | Lair:5   | Reached ****** piety under Kikubaaqudgha
 16865 | Lair:5   | Learned a level 5 spell: Summon Forest
 16915 | Lair:5   | Found a viscous altar of Jiyva.
 16915 | Lair:5   | Found a staircase to the Slime Pits.
 16940 | Lair:5   | HP: 32/108 [torpor snail (15)]
 16951 | Lair:5   | HP: 24/108 [cane toad (7)]
 16951 | Lair:5   | HP: 11/108 [torpor snail (9)]
 17710 | Lair:5   | Noticed a dire elephant
 17739 | Lair:5   | Killed a dire elephant
 18275 | Lair:5   | Identified the staff of earth "Sotzuc" {rC- rN+ SInv}
 18476 | D:11     | Learned a level 5 spell: Summon Mana Viper
 18553 | D:11     | Noticed Fannar
 18567 | D:11     | Killed Fannar
 18753 | D:11     | Identified a scroll of acquirement
 18754 | D:11     | Upgraded the game from 0.30-a0-1075-gcd70e7a56d to
                  | 0.30-a0-1082-g70414cbcbb
 18776 | D:11     | Found a staircase to the Orcish Mines.
 18781 | D:11     | Identified the +5 shortbow "Zidiczec" {elec, rF+}
 19106 | D:12     | Found Pimug's Antique Weapon Boutique.
 19391 | D:12     | Reached skill level 10 in Fighting
 19391 | D:12     | Reached skill level 10 in Short Blades
 19391 | D:12     | Reached skill level 10 in Long Blades
 19391 | D:12     | Reached skill level 10 in Axes
 19391 | D:12     | Reached skill level 10 in Maces & Flails
 19391 | D:12     | Reached skill level 10 in Polearms
 19391 | D:12     | Reached skill level 10 in Staves
 19391 | D:12     | Reached skill level 10 in Ranged Weapons
 19391 | D:12     | Reached skill level 10 in Throwing
 19391 | D:12     | Reached skill level 10 in Armour
 19391 | D:12     | Reached skill level 10 in Shields
 19391 | D:12     | Reached skill level 10 in Unarmed Combat
 19391 | D:12     | Reached skill level 10 in Evocations
 19870 | D:12     | Reached XP level 15. HP: 63/115 MP: 15/30
 21221 | D:13     | Found a gate to the Vaults.
 21808 | D:13     | Noticed a fire giant
 21809 | D:13     | Noticed a sphinx
 21811 | D:13     | Noticed an iron dragon
 22076 | D:13     | Paralysed by a sphinx for 4 turns
 22190 | Orc:1    | Entered Level 1 of the Orcish Mines
 22323 | Orc:1    | Found Ihyvimonu's Armour Shop.
 22653 | Orc:2    | Entered Level 2 of the Orcish Mines
 22663 | Orc:2    | Noticed Jorgrun
 22675 | Orc:2    | HP: 15/117 [Jorgrun/iron shot (39)]
 22676 | Orc:2    | HP: 3/117 [Jorgrun/iron shot (13)]
 22677 | Orc:2    | Killed Jorgrun
 22778 | Orc:2    | Found Zoasurch's Armour Boutique.
 22790 | Orc:2    | Bought a +2 helmet of see invisible for 322 gold pieces
 23077 | Orc:2    | Found a staircase to the Elven Halls.
 23212 | Orc:2    | Found Oblig's Book Emporium.
 23213 | Orc:2    | Found Yzuryst's Weapon Boutique.
 23678 | Orc:2    | Found Ogyiha Fuja's General Store.
 23852 | Orc:2    | Bought a scroll of teleportation for 39 gold pieces
 23944 | Orc:2    | Found Mirobloh's Book Emporium.
 24296 | Orc:1    | Found Qamadwio's Assorted Antiques.
 24418 | Orc:1    | Found Hoxkix's Specific Store.
 24424 | Orc:1    | Reached XP level 16. HP: 124/124 MP: 24/32
 24459 | Orc:1    | Found Buesm's General Store.
 24463 | Orc:1    | Bought a potion of might for 60 gold pieces
 24917 | D:13     | Found the +9 sword of Power {lifebolt}
 25256 | D:13     | Killed a sphinx
 25451 | D:14     | Noticed Rupert
 25470 | D:14     | Killed Rupert
 26417 | D:15     | Entered Level 15 of the Dungeon
 26535 | D:15     | Acquired 449 gold pieces
 26589 | D:15     | Found a staircase to the Depths.
 26922 | D:15     | Identified the +1 helmet "Jabbeafa" {Regen+ rCorr Dex-3
                  | SInv}
 27862 | Swamp:1  | Entered Level 1 of the Swamp
 27862 | Swamp:1  | Noticed a fenstrider witch
 27866 | Swamp:1  | Paralysed by a fenstrider witch for 5 turns
 27869 | Swamp:1  | Killed a fenstrider witch
 28283 | Swamp:1  | Noticed Donald
 28292 | Swamp:1  | Killed Donald
 29269 | Orc:2    | Bought a book of Displacement for 352 gold pieces
 29276 | Orc:2    | Learned a level 2 spell: Lesser Beckoning
 29514 | Swamp:1  | Found a white marble altar of Elyvilon.
 29832 | Swamp:2  | Reached XP level 17. HP: 133/133 MP: 23/33
 29834 | Swamp:2  | Found a white marble altar of Elyvilon.
 30069 | Swamp:2  | Reached skill level 10 in Conjurations
 30069 | Swamp:2  | Reached skill level 10 in Hexes
 30069 | Swamp:2  | Reached skill level 10 in Necromancy
 30069 | Swamp:2  | Reached skill level 10 in Translocations
 30069 | Swamp:2  | Reached skill level 10 in Transmutations
 30069 | Swamp:2  | Reached skill level 10 in Fire Magic
 30069 | Swamp:2  | Reached skill level 10 in Ice Magic
 30069 | Swamp:2  | Reached skill level 10 in Air Magic
 30069 | Swamp:2  | Reached skill level 10 in Earth Magic
 30069 | Swamp:2  | Reached skill level 10 in Poison Magic
 30881 | Swamp:2  | Found an ancient bone altar of Kikubaaqudgha.
 31253 | Swamp:3  | Noticed Nikola
 31264 | Swamp:3  | Killed Nikola
 31273 | Swamp:3  | Paralysed by a hornet for 3 turns
 32318 | Orc:2    | Bought a Young Poisoner's Handbook for 240 gold pieces
 32327 | Orc:2    | Learned a level 4 spell: Olgreb's Toxic Radiance
 32331 | Orc:2    | Learned a level 3 spell: Ignite Poison
 32526 | Spider:1 | Entered Level 1 of the Spider Nest
 33068 | Lair:2   | HP: 39/134 [poisoned by a wolf spider]
 33071 | Lair:2   | HP: 14/134 [steelbarb worm[a torpor snail] (13)]
 33286 | Swamp:4  | Entered Level 4 of the Swamp
 33286 | Swamp:4  | Noticed Bai Suzhen
 33944 | Swamp:4  | Reached XP level 18. HP: 116/141 MP: 23/35
 33951 | Swamp:4  | Identified the +2 kite shield of Anues {Rampage rC+ Str-4
                  | Stlth+}
 34483 | Lair:2   | HP: 41/141 [poisoned by a wolf spider]
 34488 | Lair:2   | HP: 36/141 [poisoned by a wolf spider]
 34493 | Lair:2   | HP: 37/141 [poisoned by a wolf spider]
 35343 | Spider:1 | Identified the +0 plate armour of the Stag {rF++ Int+2}
 35921 | Spider:2 | Found a frozen archway.
 36034 | IceCv    | Entered an ice cave
 36665 | IceCv    | Noticed a shard shrike
 37804 | Spider:3 | Upgraded the game from 0.30-a0-1082-g70414cbcbb to
                  | 0.30-a0-1085-g990a428a5c
 38453 | Spider:3 | Identified the +10 short sword of the Eternal Void {freeze,
                  | Fragile +Blink rC+++ Stlth+}
 39562 | Spider:4 | Entered Level 4 of the Spider Nest
 39562 | Spider:4 | Noticed Arachne
 39562 | Spider:4 | Noticed Mlioglotl
 39641 | Spider:4 | Noticed a bone dragon
 39664 | Spider:3 | HP: 42/143 [deep elf knight/arrow[Mlioglotl] (2)]
 39674 | Spider:3 | Noticed a lich
 40080 | Swamp:3  | HP: 40/143 [Bai Suzhen] (13)]
 40091 | Swamp:3  | Killed Bai Suzhen
 40092 | Swamp:3  | Reached XP level 19. HP: 50/149 MP: 30/37
 40326 | Swamp:3  | HP: 44/149 [eight-headed hydra (4)]
 40473 | Swamp:4  | Paralysed by a hornet for 1 turns
 40535 | Swamp:4  | HP: 42/149 [swamp dragon (11)]
 40540 | Swamp:4  | HP: 35/149 [poisoned by a swamp dragon (blast of poison)]
 40545 | Swamp:3  | HP: 39/149 [poisoned by a swamp dragon (blast of poison)]
 41253 | Swamp:4  | Got a decaying rune of Zot
 41602 | D:12     | Upgraded the game from 0.30-a0-1085-g990a428a5c to
                  | 0.30-a0-1094-g860fb061e7
 41735 | Orc:2    | Bought Great Wizards, Vol. II for 608 gold pieces
 41850 | D:11     | Learned a level 5 spell: Borgnjor's Vile Clutch
 42024 | Spider:2 | Killed Mlioglotl
 42812 | Spider:4 | Killed Arachne
 45341 | Spider:4 | HP: 34/151 [spark wasp (12)]
 46084 | Spider:4 | Got a gossamer rune of Zot
 46480 | Vaults:1 | Entered Level 1 of the Vaults
 46593 | Vaults:1 | Upgraded the game from 0.30-a0-1094-g860fb061e7 to
                  | 0.30-a0-1103-g25895a7845
 46686 | Vaults:1 | Reached skill level 15 in Invocations
 47180 | Vaults:1 | Reached XP level 20. HP: 131/158 MP: 13/38
 48649 | D:13     | Reached skill level 15 in Spellcasting
 49007 | Vaults:1 | Found Asyuv's Antique Weapon Shoppe.
 49562 | Vaults:2 | Noticed Sojobo
 49569 | Vaults:2 | Paralysed by an air elemental for 1 turns
 49574 | Vaults:2 | Paralysed by an air elemental for 1 turns
 49576 | Vaults:2 | Paralysed by an air elemental for 1 turns
 49580 | Vaults:2 | Paralysed by an air elemental for 1 turns
 49584 | Vaults:2 | Paralysed by an air elemental for 1 turns
 49596 | Vaults:2 | Paralysed by an air elemental for 1 turns
 49601 | Vaults:2 | Paralysed by an air elemental for 1 turns
 49608 | Vaults:2 | Paralysed by an air elemental for 1 turns
 49613 | Vaults:2 | Killed Sojobo
 49700 | Vaults:2 | Your ally Sojobo died
 49806 | Vaults:2 | Reached skill level 15 in Dodging
 50844 | Vaults:2 | HP: 44/160 [deep troll[an ironbound preserver] (16)]
 50854 | Vaults:2 | HP: 45/160 [deep troll[an ironbound preserver] (9)]
 50859 | Vaults:2 | HP: 40/160 [deep troll[an ironbound preserver] (3)]
 51242 | Vaults:2 | Reached skill level 15 in Stealth
 52064 | Vaults:2 | Found a staircase to the Crypt.
 52255 | Vaults:2 | Found Weg Vid's General Store.
 52629 | Vaults:2 | Noticed Mara
 52636 | Vaults:2 | Noticed Twinkles's illusion
 52651 | Vaults:2 | Killed Mara
 52652 | Vaults:2 | Reached XP level 21. HP: 166/166 MP: 25/40
 53575 | Vaults:3 | HP: 49/167 [deep troll[an ironbound preserver] (8)]
 53581 | Vaults:3 | HP: 39/250 [ironbound preserver/+0 great mace (7)]
 53587 | Vaults:3 | HP: 29/250 [deep troll[an ironbound preserver] (14)]
 53592 | Vaults:3 | HP: 67/250 [deep troll[an ironbound preserver] (2)]
 53879 | Vaults:3 | Found the +5 glaive of the Guard {elec, spectral, AC+5}
 54839 | Vaults:3 | Reached skill level 15 in Fighting
 54839 | Vaults:3 | Reached skill level 15 in Short Blades
 54839 | Vaults:3 | Reached skill level 15 in Long Blades
 54839 | Vaults:3 | Reached skill level 15 in Axes
 54839 | Vaults:3 | Reached skill level 15 in Maces & Flails
 54839 | Vaults:3 | Reached skill level 15 in Polearms
 54839 | Vaults:3 | Reached skill level 15 in Staves
 54839 | Vaults:3 | Reached skill level 15 in Ranged Weapons
 54839 | Vaults:3 | Reached skill level 15 in Throwing
 54839 | Vaults:3 | Reached skill level 15 in Armour
 54839 | Vaults:3 | Reached skill level 15 in Shields
 54839 | Vaults:3 | Reached skill level 15 in Unarmed Combat
 54839 | Vaults:3 | Reached skill level 15 in Evocations
 55253 | Vaults:4 | Noticed Zenata
 55268 | Vaults:4 | Killed Zenata
 57311 | D:10     | Killed Erolcha
 57362 | D:10     | Killed Urug
 57512 | D:8      | Killed Erica
 57537 | D:8      | Noticed a profane servitor
 57547 | D:8      | Found a glowing golden altar of the Shining One.
 57579 | D:7      | Killed Joseph
 57758 | D:5      | Killed Dittersdorf's ghost
 58140 | D:2      | Killed Crazy Yiuf
 58197 | D:3      | Bought a ring of protection from cold for 275 gold pieces
 58197 | D:3      | Bought a ring of willpower for 275 gold pieces
 58427 | Elf:1    | Entered Level 1 of the Elven Halls
 58502 | Elf:1    | Found Inaxuol's Book Shop.
 58596 | Elf:1    | Reached XP level 22. HP: 175/175 MP: 42/42
 59070 | Elf:1    | Learned a level 6 spell: Summon Cactus Giant
 60538 | Elf:2    | Found a runed translucent gate.
 60538 | Elf:2    | Found a runed translucent gate.
 60538 | Elf:2    | Found a runed translucent gate.
 61530 | Elf:3    | Entered Level 3 of the Elven Halls
 61816 | Elf:3    | Reached skill level 15 in Summonings
 62740 | Elf:3    | Identified the ring of Geadoucewk {Contam rC+ Will+ AC+4
                  | Slay+2}
 62777 | Elf:3    | Identified the amulet "Oqaavoaf" {Regen+ rCorr}
 62812 | Elf:3    | Identified the +4 spear "Horoasodi" {antimagic, rPois
                  | Int+5}
 62812 | Elf:3    | Identified the ring of the Solstice {rElec rPois Dex+5
                  | SInv}
 62819 | Elf:3    | Paralysed by an air elemental for 1 turns
 62825 | Elf:3    | Paralysed by an air elemental for 1 turns
 63692 | Elf:3    | Reached XP level 23. HP: 183/183 MP: 43/43
 63912 | Elf:3    | Identified the staff of death "Qugoynou" {rPois rN+ rCorr
                  | Int+3 Dex+2}
 63959 | Elf:3    | Acquired the +1 cloak "Jozosoewn" {rElec Str-3 Int+6}
 64028 | Elf:3    | Identified the staff of conjuration "Liry" {rPois rF+}
 64036 | Elf:3    | Got the Precepts of the Fetching Figure
 64115 | Elf:3    | Identified the staff of cold "Vucotoa" {Fragile +Blink rC+
                  | Str+3}
 64683 | Crypt:1  | Entered Level 1 of the Crypt
 64759 | Crypt:1  | Noticed Saint Roka
 64948 | Crypt:1  | Killed Saint Roka
 65033 | Crypt:1  | Noticed Margery
 65047 | Crypt:1  | Noticed Frederick
 65049 | Crypt:1  | Killed Margery
 65212 | Crypt:1  | Killed Frederick
 65611 | Crypt:1  | HP: 53/184 [ancient champion/iron shot (36)]
 65627 | Crypt:1  | HP: 47/184 [ancient champion/+2 great mace (21)]
 65631 | Crypt:1  | HP: 15/184 [ancient champion/iron shot (23)]
 67416 | Crypt:2  | Found a runed translucent gate.
 67416 | Crypt:2  | Found a runed translucent gate.
 67417 | Crypt:2  | Found a runed translucent gate.
 67417 | Crypt:2  | Noticed Dugafar's ghost (adept GrFi)
 67433 | Crypt:3  | Entered Level 3 of the Crypt
 67975 | Crypt:3  | Found a staircase to the Tomb.
 68351 | Crypt:3  | Noticed a curse toe
 68373 | Crypt:3  | Killed a curse toe
 68379 | Crypt:2  | HP: 39/170 [ancient champion/+3 great sword of draining
                  | (27)]
 68557 | Crypt:3  | Reached XP level 24. HP: 169/174 MP: 35/44
 69284 | Crypt:3  | Noticed a dread lich
 69284 | Crypt:3  | Noticed a dread lich
 69298 | Crypt:3  | Got the Octavo of the Morgue
 69304 | Crypt:3  | Noticed a dread lich
 69467 | Crypt:3  | Identified the +4 plate armour of the Pleiades {Rampage
                  | rElec rC+++ Int-2}
 69468 | Crypt:3  | Identified the +4 dagger of Famine {vamp, *Corrode rN+
                  | Int+2}
 70061 | Depths:1 | Entered Level 1 of the Depths
 70063 | Depths:1 | Found a broken altar of Ashenzari.
 70154 | Depths:1 | You fall into a shaft and drop 1 floor!
 70163 | Depths:2 | Found a corrupted altar of Lugonu.
 70163 | Depths:2 | Found a one-way gate to the infinite horrors of the Abyss.
 70708 | Depths:1 | Found a one-way gateway to a ziggurat.
 70718 | Depths:1 | Found Zaus's Demolitions Depot.
 71169 | Depths:1 | Found a gateway to Hell.
 71466 | Depths:2 | Noticed Vv
 71488 | Depths:2 | HP: 78/289 [Vv (15)]
 71491 | Depths:2 | HP: 37/289 [Vv (18)]
 71491 | Depths:2 | HP: 18/289 [Vv (19)]
 71493 | Depths:2 | Killed Vv
 72196 | Depths:2 | Identified the ring "Vitwuhue" {Ice rElec rN+ rCorr Str-4}
 72196 | Depths:2 | Noticed Josephina
 72209 | Depths:2 | Killed Josephina
 72397 | Depths:2 | Found a one-way gate leading to the halls of Pandemonium.
 72773 | Depths:2 | Identified the +6 shortbow of Woe {flame, +Blink rPois rC-}
 73352 | Elf:1    | Identified the +2 hand axe "Yklaq" {flame, Int+4}
 73652 | Depths:3 | Identified the +8 morningstar "Waror" {elec, Fragile rF+++
                  | rCorr SInv}
 74407 | Depths:3 | HP: 54/191 [spectral caustic shrike (14)]
 74407 | Depths:3 | HP: 18/180 [shadow dragon/bolt of negative energy (36)]
 74412 | Depths:3 | HP: 23/181 [spectral caustic shrike (10)]
 74413 | Depths:3 | Noticed an ancient lich
 74453 | Depths:3 | Reached XP level 25. HP: 114/188 MP: 40/44
 74517 | Depths:2 | Upgraded the game from 0.30-a0-1103-g25895a7845 to
                  | 0.30-a0-1112-gfb780f5df6
 75638 | Depths:4 | Entered Level 4 of the Depths
 76096 | Depths:4 | Found a magical portal.
 77457 | Depths:4 | Reached skill level 15 in Conjurations
 77457 | Depths:4 | Reached skill level 15 in Hexes
 77457 | Depths:4 | Reached skill level 15 in Necromancy
 77457 | Depths:4 | Reached skill level 15 in Translocations
 77457 | Depths:4 | Reached skill level 15 in Transmutations
 77457 | Depths:4 | Reached skill level 15 in Fire Magic
 77457 | Depths:4 | Reached skill level 15 in Ice Magic
 77457 | Depths:4 | Reached skill level 15 in Air Magic
 77457 | Depths:4 | Reached skill level 15 in Earth Magic
 77457 | Depths:4 | Reached skill level 15 in Poison Magic
 77486 | Depths:4 | Found a gate to the Realm of Zot.
 77940 | Elf:3    | Learned a level 6 spell: Death Channel
 78467 | Slime:1  | Entered Level 1 of the Pits of Slime
 78650 | Slime:5  | Entered Level 5 of the Pits of Slime
 78721 | Slime:5  | Noticed the Royal Jelly
 79720 | Slime:5  | Killed the Royal Jelly
 80274 | Slime:5  | Identified the ring "Boump" {rElec Will+ rCorr Int-3 Dex+3}
 80284 | Slime:5  | Identified the +2 executioner's axe of Duty {heavy, SInv}
 80299 | Slime:5  | Identified the +1 dire flail of Ygaep {heavy, *Noise rN+
                  | Str+4}
 80314 | Slime:5  | Got a slimy rune of Zot
 80345 | Slime:5  | Identified the +10 plate armour of the Kangaroo {MP+9
                  | Dex+3}
 81652 | Depths:3 | Paralysed by an air elemental for 1 turns
 81844 | Depths:3 | Killed an ancient lich
 81975 | Depths:3 | Acquired the +0 pair of gloves "Epheil" {Str+3}
 82028 | Depths:3 | Got Hoofog's Catalogue of Morbid Hypothermia
 82031 | Depths:3 | Identified the +7 shortbow "Gyesemi" {drain, rF+ Will+}
 82351 | Depths:2 | Learned a level 5 spell: Arcjolt
 82728 | Orc:1    | Bought 3 scrolls of enchant armour for 405 gold pieces
 83147 | D:7      | Bought a potion of curing for 81 gold pieces
 83313 | D:12     | Acquired the ring of the Scarab {rElec rC+ Str+6 Dex-2}
 83418 | Orc:1    | Bought 2 scrolls of teleportation for 90 gold pieces
 83418 | Orc:1    | Bought a potion of cancellation for 120 gold pieces
 83645 | Depths:1 | Bought a wand of roots (6) for 216 gold pieces
 83645 | Depths:1 | Bought a wand of mindburst (9) for 189 gold pieces
 83888 | Vaults:5 | Entered Level 5 of the Vaults
 83893 | Vaults:5 | Reached XP level 26. HP: 190/211 MP: 36/45
 84146 | Vaults:5 | Noticed an ancient lich
 84253 | Vaults:4 | Killed an ancient lich
 84536 | Vaults:5 | Noticed an ancient lich
 85161 | Vaults:4 | Killed an ancient lich
 85308 | Vaults:3 | Learned a level 6 spell: Plasma Beam
 85646 | Vaults:5 | Noticed an ancient lich
 85658 | Vaults:5 | Killed an ancient lich
 85788 | Vaults:5 | Noticed an ancient lich
 85800 | Vaults:4 | Killed an ancient lich
 86015 | Vaults:5 | Noticed an ancient lich
 86027 | Vaults:5 | Killed an ancient lich
 86052 | Vaults:5 | Identified the +1 robe of Burning Satisfaction {rC- rN+++
                  | Slay+3}
 86065 | Vaults:5 | Identified the +2 spear "Baud" {vamp, +Blink rPois Int+6}
 86194 | Vaults:5 | Identified the staff of poison "Lyfuexaa" {rPois rF+ rCorr
                  | Stlth+}
 86207 | Vaults:5 | Identified the staff of earth "Ycytag" {+Blink rF+ Str-2
                  | Dex+5}
 86331 | Vaults:5 | Identified the +3 morningstar of Blushing Woe {flame, rPois
                  | Str+3}
 86403 | Vaults:5 | Identified the +6 falchion of the Eternal Warrior {elec,
                  | rC+ Str+5 Stlth+}
 86506 | Vaults:5 | Got a silver rune of Zot
 86580 | Vaults:5 | Identified the +1 pair of boots of the Skies Above {rC-
                  | Regen+ Str+4}
 86771 | Vaults:5 | Identified the +9 war axe of Dissolution {venom, rElec rN++
                  | Int-3}
 86803 | Vaults:5 | Identified the staff of conjuration "Lel Pak" {*Corrode
                  | Will+ Int+6 SInv}
 86809 | Vaults:5 | Identified the +11 lajatang of Calculation {freeze, rCorr
                  | Stlth+}
 87114 | Depths:2 | Voluntarily entered the Abyss.
 87115 | Abyss:1  | Found a corrupted altar of Lugonu.
 87163 | Abyss:1  | Found a corrupted altar of Lugonu.
 87399 | Abyss:3  | Found a corrupted altar of Lugonu.
 87408 | Abyss:3  | Found a corrupted altar of Lugonu.
 87410 | Abyss:3  | Found a corrupted altar of Lugonu.
 87718 | Abyss:3  | Noticed an ancient lich
 87734 | Abyss:3  | Killed an ancient lich
 87745 | Abyss:3  | Reached XP level 27. HP: 212/219 MP: 25/46
 87792 | Abyss:3  | Found a hide-covered altar of Uskayaw.
 88162 | Abyss:3  | Found a corrupted altar of Lugonu.
 88247 | Abyss:3  | Noticed a dread lich
 88549 | Abyss:3  | Found a corrupted altar of Lugonu.
 88599 | Abyss:3  | Noticed an ancient lich
 88613 | Abyss:3  | Killed an ancient lich
 88681 | Abyss:4  | Got an abyssal rune of Zot
 88703 | Abyss:4  | Found a corrupted altar of Lugonu.
 88884 | Depths:2 | Escaped the Abyss
 89059 | D:14     | Upgraded the game from 0.30-a0-1112-gfb780f5df6 to
                  | 0.30-a0-1114-gd936c97349
 89174 | D:11     | Learned a level 7 spell: Malign Gateway
 89191 | D:11     | Learned a level 7 spell: Haunt
 89981 | Zot:1    | Entered Level 1 of the Realm of Zot
 92550 | Zot:2    | Found a large runed translucent door.
 92550 | Zot:2    | Found a large runed translucent door.
 92930 | Zot:2    | Identified the +4 triple crossbow of Trauma {heavy, Int+3}
 93179 | Zot:2    | Found a large runed translucent door.
 93305 | Zot:2    | Found a large runed translucent door.
 93307 | Zot:2    | Found a large runed translucent door.
 93308 | Zot:2    | Found a shimmering altar of Xom.
 93309 | Zot:2    | Found a large runed translucent door.
 93455 | Zot:2    | Identified the +3 great sword of Dissatisfaction {venom,
                  | rF+}
 93642 | Zot:2    | Found a large runed translucent door.
 93643 | Zot:2    | Identified the +0 scale mail of the Quahog {rN++}
 93778 | Zot:2    | Found a large runed translucent door.
 94185 | Zot:3    | Found the +4 dragonskin cloak
 94185 | Zot:3    | Noticed Tiamat
 94687 | Zot:3    | Noticed an orb of fire
 95943 | Zot:3    | HP: 66/222 [poisoned by Tiamat (poison gas)]
 95947 | Zot:3    | Killed Tiamat
 96152 | Zot:3    | Killed an orb of fire
 98088 | Zot:5    | Entered Level 5 of the Realm of Zot
 98546 | Zot:3    | Learned a level 8 spell: Ignition
102711 | Zot:5    | Noticed a dread lich
102733 | Zot:5    | Noticed an orb of fire
102895 | Zot:5    | Noticed an orb of fire
102913 | Zot:5    | Paralysed by a Zot trap for 5 turns
102935 | Zot:5    | Killed an orb of fire
103019 | Zot:5    | Noticed an orb of fire
103164 | Zot:5    | Noticed a dread lich
103186 | Zot:5    | Killed a dread lich
103392 | Zot:5    | Killed a dread lich
103526 | Zot:5    | Noticed an orb of fire
103547 | Zot:5    | Gained mutation: Your body sometimes deteriorates upon
                  | taking damage. [an orb of fire]
103548 | Zot:5    | Gained mutation: Your magical capacity is low. (-10% MP)
                  | [an orb of fire]
103551 | Zot:5    | Killed an orb of fire
104218 | Zot:5    | Learned a level 4 spell: Passage of Golubria
104285 | Zot:5    | Noticed an orb of fire
104298 | Zot:5    | Killed an orb of fire
104302 | Zot:5    | Gained mutation: You are weak. (Str -2) [an orb of fire]
104305 | Zot:5    | Gained mutation: You are agile. (Dex +4, Str/Int -1) [an
                  | orb of fire]
104310 | Zot:5    | Killed an orb of fire
104636 | Zot:5    | Killed an orb of fire
104806 | Zot:5    | Noticed an orb of fire
104955 | Zot:5    | Killed an orb of fire
105420 | Zot:5    | Noticed a dread lich
105433 | Zot:5    | Killed a dread lich
106523 | Zot:5    | Got the Orb of Zot
106580 | Zot:3    | Noticed Xysora the pandemonium lord
106632 | Zot:2    | Noticed Otriceb the pandemonium lord
107145 | D:1      | Lost mutation: You are agile. (Dex +4, Str/Int -1) [potion
                  | of mutation]
107145 | D:1      | Lost mutation: Your magical capacity is low. (-10% MP)
                  | [potion of mutation]
107145 | D:1      | Gained mutation: You are dopey. (Int -2) [potion of
                  | mutation]
107145 | D:1      | Gained mutation: You sometimes lose your temper in combat.
                  | [potion of mutation]
107146 | D:1      | Lost mutation: You are dopey. (Int -2) [potion of mutation]
107146 | D:1      | Lost mutation: You are weak. (Str -2) [potion of mutation]
107146 | D:1      | Lost mutation: You sometimes lose your temper in combat.
                  | [potion of mutation]
107146 | D:1      | Gained mutation: You have large cloven feet. [potion of
                  | mutation]
107146 | D:1      | Gained mutation: You are robust. (+10% HP) [potion of
                  | mutation]
107146 | D:1      | Gained mutation: Your spells are a little easier to cast,
                  | but a little less powerful. [potion of mutation]
107147 | D:1      | Lost mutation: You have large cloven feet. [potion of
                  | mutation]
107147 | D:1      | Lost mutation: You are robust. (+10% HP) [potion of
                  | mutation]
107147 | D:1      | Gained mutation: You have a somewhat thin skeletal
                  | structure. (Dex +2, Stealth+) [potion of mutation]
107148 | D:1      | Lost mutation: You have a somewhat thin skeletal structure.
                  | (Dex +2, Stealth+) [potion of mutation]
107148 | D:1      | Lost mutation: Your spells are a little easier to cast, but
                  | a little less powerful. [potion of mutation]
107148 | D:1      | Gained mutation: You expend magic power (3 MP) to
                  | strengthen your wands. [potion of mutation]
107148 | D:1      | Lost mutation: You expend magic power (3 MP) to strengthen
                  | your wands. [potion of mutation]
107149 | D:1      | Lost mutation: Your body sometimes deteriorates upon taking
                  | damage. [potion of mutation]
107149 | D:1      | Gained mutation: You have large cloven feet. [potion of
                  | mutation]
107150 | D:1      | Lost mutation: You have large cloven feet. [potion of
                  | mutation]
107150 | D:1      | Gained mutation: You have sharp toenails. [potion of
                  | mutation]
107150 | D:1      | Gained mutation: You have hidden genetic defects. [potion
                  | of mutation]
107150 | D:1      | Gained mutation: You have sharp fingernails. [potion of
                  | mutation]
107152 | D:$      | Escaped with the Orb!

Illustrated notes

Levels and vault maps discovered:
D:1:      giann_forest_graveyard, layout_loops_ring, serial_shops,
          nicolae_shop_window_shopping
D:2:      layout_loops_ring, minmay_misc_feat_chi, minmay_misc_feat_alley,
          uniq_crazy_yiuf_cottage
D:3:      layout_rooms, palyth_temple_overflow_mages,
          gammafunk_temple_overflow_wave, serial_shops, shop, uniq_terence
D:4:      layout_rooms, kennysheep_little_box, minmay_quadrilaterals
D:5:      layout_gridville, zin_angel, ebering_ghost_sewer_f
D:6:      layout_layer_cave, lemuel_round_altar,
          mainiacjoe_overflow_concentric_impassable, uniq_grinder
D:7:      layout_basic, minmay_temple_entry_large_hall, serial_shops, shop,
          uniq_joseph
D:8:      layout_rooms, grunt_temple_overflow_holy_war, minivault_10,
          kennysheep_another_room, st_stairs_3, uniq_erica, uniq_maurice
D:9:      layout_grid_maze, mainiacjoe_overflow_tiny_flanked,
          david_lair_generic, enter_bailey_3
D:10:     layout_basic, serial_glass, glass_columns_c, glass_columns_c,
          glass_columns_a, glass_columns_b, glass_columns_b,
          minmay_statues_item, minivault_19, nicolae_shop_clearance, uniq_urug,
          uniq_erolcha
D:11:     layout_layer_cave, orc_0_dummy, uniq_fannar
D:12:     layout_stronghold, serial_shops, nicolae_take_the_stairs,
          david_defended_altar_orc
D:13:     minmay_guarded_unrand_sword_of_power, layout_stronghold,
          ximxim_vaults_locker_room
D:14:     layout_loops_ring, kennysheep_donut, kennysheep_dice, uniq_rupert
D:15:     gammafunk_depths_entry_grave, layout_loops_ring, amethyst_killhole,
          minmay_misc_feat_columns
Lair:1:   layout_small_grid, serial_bayou_ford_a, uniq_prince_ribbit2
Lair:2:   mu_elephants_graveyard, layout_regular_city, minmay_swamp_entry_worms,
          nicolae_spider_entry_tight_spaces, dreamdust_gnoll_shepherd,
          serial_bayou_shore_a, lemuel_fruit_tree
Lair:3:   cheibrodos_magma_flow, layout_loops_ring, grunt_megastairs_4,
          infiniplex_staircase_pool
Lair:4:   layout_regular_city, chequers_serial_rivers_micro_d, minivault_25,
          uniq_sonja
Lair:5:   grunt_lair_end_beastmaster, layout_misc_corridors, slime_entry_1,
          gammafunk_ghost_wrathful_warriors, chequers_serial_rivers_small_3
Swamp:1:  layout_basic_swamp, nicolae_swamp_godswood, swamp_pool3, uniq_donald
Swamp:2:  layout_basic_swamp, basic_altar, grunt_ruined_hall,
          infiniplex_staircase_pool_2
Swamp:3:  layout_falls_marsh, evilmike_swamp_ruin_house_5, uniq_nikola
Swamp:4:  swamp_alternative, layout_basic_swamp, uniq_bai_suzhen
Spider:1: layout_spider_delve, worms_lemuel
Spider:2: layout_spider_delve, portal_ice_cave_entry_ice_statue_two, drop_trap
Spider:3: layout_spider_delve
Spider:4: spider_rune_water, special_room [special_room_bee], uniq_arachne,
          uniq_mlioglotl
Slime:1:  layout_caves, nicolae_slime_barrier
Slime:2:  layout_caves, uniq_dissolution
Slime:3:  layout_caves
Slime:4:  layout_caves
Slime:5
Orc:1:    layout_caves, serial_shops, shop, shop, nicolae_specific_store
Orc:2:    st_orc_open, layout_caves, serial_shops, nicolae_shop_mannequins,
          uniq_jorgrun
Elf:1:    elf_arrival_001, layout_geoelf_octagon, serial_shops,
          nicolae_shop_window_shopping, minmay_elf_sorcery, minivault_25_ag,
          due_unseen_surprise
Elf:2:    elven_hall_of_blades_hangedman_original
          [nicolae_blade_entry_sentries_behind_glass], layout_geoelf_grid,
          nicolae_elf_stair_hall, minmay_strange_pillars
Elf:3:    minmay_elf_hall_spiked, layout_rooms, grunt_ministairs_7
Vaults:1: v_pattern_5, dpeg_vaults_monster_row, vaults_dpeg_emergency_exit,
          nicolae_vaults_meeting, vaults_room_grunt_arrival_ludios, v_misc_1,
          v_misc_5, nicolae_vaults_rhombus_7, ontoclasm_vaults_eye, v_misc_17,
          nicolae_vaults_asterisk, layout_vaults_maze_snakey, serial_shops, shop
Vaults:2: v_misc_24, ontoclasm_vaults_spin, vaults_mumra_hexcomb,
          nicolae_vaults_network_quinsquares
          [nicolae_vaults_network_quincunx_subvault,
          nicolae_vaults_network_quincunx_subvault,
          nicolae_vaults_network_quincunx_subvault,
          nicolae_vaults_network_quincunx_subvault],
          hangedman_vaults_corner_blocks, grunt_vaults_diagonal,
          vaults_room_fours, ontoclasm_vaults_ring_square,
          ontoclasm_vaults_shuriken, ontoclasm_vaults_chip,
          minmay_crypt_entry_simple_round, layout_vaults_quadrants,
          serial_shops, shop, uniq_mara, uniq_sojobo
Vaults:3: minmay_guarded_unrand_guard_vaults, nicolae_vaults_circle_grid_b,
          vaults_mumra_lcd, v_misc_15, nicolae_vaults_little_squares_4,
          ontoclasm_vaults_twist, ontoclasm_vaults_loading_screen, v_misc_18,
          ontoclasm_vaults_ligature, v_misc_11, vaults_room_semicircle,
          v_alt_pattern_5, layout_vaults_omnicross
Vaults:4: ontoclasm_vaults_ring_small, v_misc_1,
          nicolae_vaults_mini_display_case, v_misc_27, vaults_room_corners,
          grunt_vaults_twisty, v_misc_31, v_misc_24,
          nicolae_vaults_shelves_hall, layout_vaults_chaotic_city, uniq_zenata
Vaults:5: serial_shops
Crypt:1:  layout_misc_corridors, grunt_megastairs_2, uniq_frederick,
          uniq_saint_roka, uniq_margery
Crypt:2:  layout_misc_corridors, gammafunk_ghost_spectres, corner_web_ring
Crypt:3:  david_glass_crypt, layout_misc_corridors,
          nicolae_tomb_entry_rubble_hallway, minivault_14, grunt_megastairs_1
Depths:1: layout_honeycomb, enter_ziggurat_a, hellmouth_3, ashenzari_altar_1,
          nicolae_blasting_shop, kennysheep_generic_room_8
Depths:2: minmay_the_grid_3x2 [minmay_the_grid_box_x, minmay_the_grid_tree,
          minmay_the_grid_armoury, minmay_the_grid_tiny_cups,
          minmay_the_grid_diamond_grid, minmay_the_grid_prize_diamond_cup],
          layout_cross, grunt_pan_entry_in_and_out, hell_entry,
          abyss_entry_flame_altar, hangedman_decor_clover_reticule,
          minmay_staircase_bubble, uniq_josephina, uniq_vv
Depths:3: constructs_gauntlet_mu_hangedman, layout_basic,
          kennysheep_cross_bottleneck, pan_entry, pf_hell_entry_tar_river,
          marbit_kobold_abyss_entry
Depths:4: grunt_zot_entry_gee_three, layout_basic, hangedman_abyss_entry_splay,
          hell_entry, mu_enter_wizlab_1, hangedman_abyss_or_decor_lesser_grid,
          nrook_pool_corridor
Zot:1:    layout_gridlike
Zot:2:    layout_concentric_octagons, hangedman_xom_zot_hilarity
Zot:3:    grunt_zot_stairs_mandelzot, layout_onion, uniq_tiamat
Zot:4:    layout_misc_corridors, lemuel_elevator
Zot:5:    layout_concentric_octagons

Skill      XL: |  1  2  3  4  5  6  7  8  9 10 11 12 13 14 15 16 17 18 19 20 21 22 23 24 25 26 27 |
---------------+----------------------------------------------------------------------------------+-----
Spellcasting   | 5 6 7 8 9 10 11 12 13 14 15 16 17 18 19 23 | 23.2
Invocations    | 1 2 3 4 5 6 7 8 9 10 11 12 13 14 15 16 17 18 19 20 22 | 22.1
Fighting       | 1 2 3 5 6 7 8 9 10 11 12 13 14 15 16 17 18 20 | 20.5
Short Blades   | 1 2 3 5 6 7 8 9 10 11 12 13 14 15 16 17 18 20 | 20.5
Long Blades    | 1 2 3 5 6 7 8 9 10 11 12 13 14 15 16 17 18 20 | 20.5
Axes           | 1 2 3 5 6 7 8 9 10 11 12 13 14 15 16 17 18 20 | 20.5
Maces & Flails | 1 2 3 5 6 7 8 9 10 11 12 13 14 15 16 17 18 20 | 20.5
Polearms       | 1 2 3 5 6 7 8 9 10 11 12 13 14 15 16 17 18 20 | 20.5
Staves         | 1 2 3 5 6 7 8 9 10 11 12 13 14 15 16 17 18 20 | 20.5
Ranged Weapons | 1 2 3 5 6 7 8 9 10 11 12 13 14 15 16 17 18 20 | 20.5
Throwing       | 1 2 3 5 6 7 8 9 10 11 12 13 14 15 17 18 19 20 23 | 23.9
Armour         | 1 2 3 5 6 7 8 9 10 11 12 13 14 15 16 17 18 20 | 20.5
Shields        | 1 2 3 5 6 7 8 9 10 11 12 13 14 15 16 17 18 20 | 20.5
Unarmed Combat | 1 2 3 5 6 7 8 9 10 11 12 13 14 15 16 17 18 20 | 20.5
Evocations     | 1 2 3 5 6 7 8 9 10 11 12 13 14 15 16 17 18 20 | 20.5
Conjurations   | 1 2 3 4 5 6 7 8 9 10 11 12 13 14 15 17 | 17.5
Hexes          | 1 2 3 4 5 6 7 8 9 10 11 12 13 14 15 17 | 17.5
Necromancy     | 1 2 3 4 5 6 7 8 9 10 11 12 13 14 15 17 | 17.5
Translocations | 1 2 3 4 5 6 7 8 9 10 11 12 13 14 15 17 | 17.5
Transmutations | 1 2 3 4 5 6 7 8 9 10 11 12 13 14 15 17 | 17.5
Fire Magic     | 1 2 3 4 5 6 7 8 9 10 11 12 13 14 15 17 | 17.5
Ice Magic      | 1 2 3 4 5 6 7 8 9 10 11 12 13 14 15 17 | 17.5
Air Magic      | 1 2 3 4 5 6 7 8 9 10 11 12 13 14 15 17 | 17.5
Earth Magic    | 1 2 3 4 5 6 7 8 9 10 11 12 13 14 15 17 | 17.5
Poison Magic   | 1 2 3 4 5 6 7 8 9 10 11 12 13 14 15 17 | 17.5
Dodging        | 5 6 7 8 9 10 11 12 13 14 15 16 17 18 19 20 | 20.9
Stealth        | 5 6 7 8 9 10 11 12 13 14 15 16 17 18 19 20 | 20.8
Summonings     | 8 9 10 11 12 13 14 15 16 17 18 | 18.7

Action                     |  1- 3 |  4- 6 |  7- 9 | 10-12 | 13-15 | 16-18 | 19-21 | 22-24 | 25-27 || total
---------------------------+-------+-------+-------+-------+-------+-------+-------+-------+-------++-------
  Melee: Demon whip        |    69 |    79 |   248 |   649 |   114 |    34 |       |       |       ||  1193
         Bite              |     3 |     7 |    26 |   122 |   150 |   152 |   176 |   221 |   317 ||  1174
         Punch             |       |     1 |     9 |    49 |     8 |     1 |       |       |       ||    68
         Unarmed           |       |       |       |    39 |       |       |       |       |       ||    39
         Glaive            |       |       |       |    32 |   772 |   902 |  1188 |   781 |  1867 ||  5542
         Great sword       |       |       |       |       |       |   131 |       |   513 |       ||   644
         Lajatang          |       |       |       |       |       |       |       |       |     2 ||     2
   Fire: Sling             |       |       |       |       |     9 |    37 |       |       |       ||    46
  Throw: Dart              |       |       |       |     9 |     6 |    11 |     1 |       |       ||    27
         Javelin           |       |       |       |       |       |     2 |       |     6 |    33 ||    41
   Cast: Summon Small Mamm |     8 |     2 |       |       |       |       |       |       |       ||    10
         Call Imp          |    14 |     9 |    24 |    56 |    71 |     7 |       |       |       ||   181
         Call Canine Famil |       |     2 |    20 |    70 |    91 |    92 |    14 |       |     1 ||   290
         Summon Lightning  |       |       |       |    20 |    50 |    17 |    37 |     4 |     4 ||   132
         Passwall          |       |       |       |     1 |       |       |       |     1 |     5 ||     7
         Animate Dead      |       |       |       |       |     1 |     1 |     3 |     2 |     2 ||     9
         Apportation       |       |       |       |       |     1 |       |       |    15 |     1 ||    17
         Summon Mana Viper |       |       |       |       |    58 |   129 |   170 |   112 |   114 ||   583
         Blink             |       |       |       |       |    14 |    13 |    26 |     2 |    12 ||    67
         Anguish           |       |       |       |       |     2 |     3 |     2 |       |       ||     7
         Summon Forest     |       |       |       |       |    13 |    44 |     3 |       |     2 ||    62
         Lesser Beckoning  |       |       |       |       |       |    24 |    14 |    11 |    45 ||    94
         Olgreb's Toxic Ra |       |       |       |       |       |    83 |    89 |    17 |    10 ||   199
         Ignite Poison     |       |       |       |       |       |    25 |    17 |     7 |     7 ||    56
         Borgnjor's Vile C |       |       |       |       |       |       |   106 |    73 |    38 ||   217
         Summon Cactus Gia |       |       |       |       |       |       |       |   113 |   117 ||   230
         Death Channel     |       |       |       |       |       |       |       |       |    12 ||    12
         Arcjolt           |       |       |       |       |       |       |       |       |    29 ||    29
         Plasma Beam       |       |       |       |       |       |       |       |       |     5 ||     5
         Haunt             |       |       |       |       |       |       |       |       |   224 ||   224
         Malign Gateway    |       |       |       |       |       |       |       |       |    16 ||    16
         Ignition          |       |       |       |       |       |       |       |       |     6 ||     6
 Invoke: Torment           |       |       |       |       |     2 |     2 |       |       |       ||     4
         Unearth Wretches  |       |       |       |       |     1 |     2 |     5 |     2 |     2 ||    12
  Evoke: Wand              |       |       |       |     2 |     6 |     2 |     1 |     1 |     2 ||    14
         Box of beasts     |       |       |       |       |     1 |     1 |     2 |     1 |       ||     5
         Tin of tremorston |       |       |       |       |       |     1 |       |       |       ||     1
         Phantom mirror    |       |       |       |       |       |       |     2 |       |       ||     2
    Use: Scroll            |       |     4 |     8 |    13 |    11 |     5 |     4 |    11 |    30 ||    86
         Potion            |       |       |       |    10 |     4 |     6 |     7 |    10 |    18 ||    55
   Stab: Sleeping          |     3 |     1 |       |     2 |     5 |     4 |     5 |    14 |     7 ||    41
         Distracted        |     1 |     2 |     3 |    14 |    28 |    44 |    44 |    36 |    92 ||   264
         Paralysed         |       |       |       |     3 |     4 |     2 |     3 |     3 |     3 ||    18
         Petrified         |       |       |       |     4 |     6 |       |       |       |       ||    10
 Armour: Ring mail         |    19 |    32 |    99 |   115 |       |       |       |       |       ||   265
         Skin              |       |       |       |    24 |       |       |       |       |    52 ||    76
         Scale mail        |       |       |       |   233 |   661 |   965 |    70 |       |       ||  1929
         Chain mail        |       |       |       |       |       |   134 |   157 |       |       ||   291
         Swamp dragon scal |       |       |       |       |       |       |   251 |       |       ||   251
         Storm dragon scal |       |       |       |       |       |       |   483 |   787 |   371 ||  1641
         Fire dragon scale |       |       |       |       |       |       |       |       |   749 ||   749
  Dodge: Dodged            |    45 |    36 |   115 |   427 |   674 |   966 |   926 |   607 |  1157 ||  4953
         Repelled          |       |       |       |       |       |       |     1 |    26 |    61 ||    88

Table legend: (Time is in decaauts)
 A = Elapsed time spent in this place.
 B = Non-inter-level travel time spent in this place.
 C = Inter-level travel time spent in this place.
 D = Time resting spent in this place.
 E = Time spent auto-exploring this place.
 F = Levels seen in this place.
 G = Mean time per level.
                   A        B        C        D        E       F      G
               +--------+--------+--------+--------+--------+-----+--------+
         Total | 107285 |  87334 |  19951 |  18780 |  40722 |  62 | 1730.4 |
       Dungeon |  23260 |  16673 |   6587 |   1321 |  10772 |  15 | 1550.7 |
          Lair |  11403 |   9126 |   2277 |   1433 |   4995 |   5 | 2280.6 |
         Swamp |   5826 |   5090 |    736 |   1089 |   2389 |   4 | 1456.5 |
   Spider Nest |   8236 |   7237 |    999 |   2501 |   2529 |   4 | 2059.0 |
    Slime Pits |   2061 |   1704 |    357 |    749 |    232 |   5 |  412.2 |
  Orcish Mines |   3348 |   2189 |   1159 |    379 |   1223 |   2 | 1674.0 |
   Elven Halls |   6249 |   5442 |    807 |   1236 |   2506 |   3 | 2083.0 |
        Vaults |  13474 |  11827 |   1647 |   3017 |   5414 |   5 | 2694.8 |
         Crypt |   4571 |   4169 |    402 |    540 |   2119 |   3 | 1523.7 |
        Depths |   9453 |   7315 |   2138 |    541 |   4509 |   4 | 2363.2 |
           Zot |  15867 |  13029 |   2838 |   5474 |   3862 |   5 | 3173.4 |
         Abyss |   1681 |   1681 |      0 |     19 |      0 |   5 |  336.2 |
        Bailey |    691 |    691 |      0 |    111 |     95 |   1 |  691.0 |
      Ice Cave |   1159 |   1159 |      0 |    366 |     75 |   1 | 1159.0 |
               +--------+--------+--------+--------+--------+-----+--------+

Top non-repeatable levels by time:
  Lair:2: 4230 daAuts
   Zot:5: 4208 daAuts
   Zot:3: 4135 daAuts
    D:13: 3973 daAuts
   Zot:2: 3943 daAuts
Vaults:2: 3433 daAuts
Vaults:4: 3399 daAuts
Depths:3: 3354 daAuts
Spider:4: 3183 daAuts
Spider:3: 2731 daAuts
  Lair:1: 2682 daAuts
Vaults:3: 2613 daAuts
Vaults:1: 2578 daAuts
   Elf:2: 2434 daAuts
    D:12: 2369 daAuts
